 Dungeon Crawl Stone Soup version 0.31-a0-240-gb923e448b6 (webtiles) character file.

Game seed: 16160868337711968584

186 qw the Shooter (level 5, 0/31 HPs)
             Began as a Gargoyle Hexslinger on July 12, 2023.
             Slain by Menkaure (14 damage)
             ... on level 4 of the Dungeon.
             The game lasted 00:00:59 (3053 turns).

qw the Shooter (Gargoyle Hexslinger)                Turns: 3053, Time: 00:00:59

Health: 0/31       AC:  8    Str: 11    XL:     5   Next: 65%
Magic:  6/6        EV: 11    Int: 20    God:
Gold:   157        SH:  0    Dex: 14    Spells: 5/6 levels left

rFire   . . .        Y - +2 sling
rCold   . . .        (no shield)
rNeg    + . .        e - +1 leather armour of the Falcon {Int+6}
rPois   inf          (no helmet)
rElec   +            (no cloak)
rCorr   .            (no gloves)
SInv    .            (no boots)
Will    .....        (no amulet)
Stlth   +            (no ring)
HPRegen 0.25/turn    (no ring)
MPRegen 0.10/turn

%: no passive effects
@: no status effects
A: sickness immunity, AC +4, negative energy resistance 1, electricity
resistance, torment resistance 1, petrification resistance
a: no special abilities


You were on level 4 of the Dungeon.
You visited 1 branch of the dungeon, and saw 4 of its levels.

You collected 157 gold pieces.


Innate Abilities, Weirdness & Mutations

You are immune to sickness and miasma.
Your stone body is resilient. (AC +4)
You are immune to poison.
You resist negative energy. (rN+)
You are resistant to electric shocks. (rElec)
You are resistant to unholy torment.
You are immune to petrification.


   Skills:
 + Level 2.7 Fighting
 - Level 5.1 Ranged Weapons
 - Level 1.5 Dodging
 - Level 1.0 Spellcasting
 - Level 2.6 Hexes


You had 5 spell levels left.
You knew the following spells:

 Your Spells              Type           Power      Damage    Failure   Level
a - Slow                  Hex            44%        N/A       8%          1

Your spell library contained the following spells:

 Spells                   Type           Power      Damage    Failure   Level
 Inner Flame              Hex/Fire       6%         N/A       36%         3
 Portal Projectile        Hex/Tloc       12%        N/A       36%         3
 Cause Fear               Hex            5%         N/A       58%         4

Inventory:

Hand Weapons
 Y - a +2 sling (weapon)
Armour
 e - the +1 leather armour of the Falcon (worn) {Int+6}
   (You found it on level 3 of the Dungeon)

   Int:       It affects your intelligence (+6).
Scrolls
 g - a scroll of identify
Potions
 b - a potion of haste {unknown}
 d - a potion of curing {unknown}
 f - a potion of lignification {unknown}

Dungeon Overview and Level Annotations

Branches:
Dungeon (4/15)
 Temple: D:4-7

Altars:
Ashenzari
Elyvilon
Nemelex Xobeh

Annotations:
D:4 Menkaure


Message History

You shoot a sling bullet.
The sling bullet barely misses the hobgoblin.
You shoot a sling bullet.
The sling bullet closely misses the hobgoblin.
You shoot a sling bullet.
The sling bullet closely misses the hobgoblin.
The hobgoblin hits you but does no damage.
You shoot a sling bullet. The sling bullet hits the hobgoblin.
You kill the hobgoblin!
You now have 157 gold pieces (gained 17).
A hound comes into view.
Menkaure, Prince of Dust comes into view.
You shoot a sling bullet.
Menkaure shouts!
The sling bullet hits Menkaure.
Menkaure is lightly damaged.
You shoot a sling bullet. The sling bullet hits the hound.
The hound is lightly wounded.
You shoot a sling bullet. The sling bullet hits the hound.
The hound is moderately wounded.
The hound closely misses you.
You shoot a sling bullet.
The sling bullet completely misses the hound.
The hound closely misses you. The hound barely misses you.
You shoot a sling bullet. The sling bullet hits the hound.
The hound is severely wounded.
The hound closely misses you. Menkaure hits you! The hound bites you.
You shoot a sling bullet.
The sling bullet completely misses the hound.
The hound misses you.
Menkaure gestures wildly while chanting.
Menkaure seems to speed up.
The hound completely misses you.
You shoot a sling bullet. The sling bullet hits the hound.
You kill the hound!
Menkaure hits you.
You shoot a sling bullet.
The sling bullet hits Menkaure but does no damage.
Menkaure is lightly damaged.
Menkaure hits you!
You die...

#.... ##.#.#
..$..# .... ... #
#.####.##
#####.####........
......%<.M@$#
#####......##
#######.# #.# ##


You could see Menkaure (fast).

Vanquished Creatures
  An orc priest (D:3)
  A hound (D:4)
  6 adders
  3 dart slugs
  2 orcs (D:3)
  2 bats
  5 endoplasms
  A giant cockroach (D:1)
  2 goblins (D:2)
  7 hobgoblins
  5 jackals
  6 quokkas
  5 ball pythons
  6 frilled lizards
  7 kobolds
  5 rats
64 creatures vanquished.

Notes
Turn   | Place    | Note
-------+----------+-------------------------------------------
     0 | D:1      | qw the Gargoyle Hexslinger began the quest for the Orb.
     0 | D:1      | Reached XP level 1. HP: 12/12 MP: 2/2
     0 | D:1      | 0 ||| qw: Version: 0.3-a-52-g30416fa
     0 | D:1      | 0 ||| qw: Game counter: 6158
     0 | D:1      | 0 ||| qw: Melee chars always use a shield: true
     0 | D:1      | 0 ||| qw: God list: Okawaru
     0 | D:1      | 0 ||| qw: Allow faded altars: false
     0 | D:1      | 0 ||| qw: Do Orc after clearing Dungeon:15 true
     0 | D:1      | 0 ||| qw: Do second Lair branch before Depths: true
     0 | D:1      | 0 ||| qw: Lair rune preference: random
     0 | D:1      | 0 ||| qw: Goals: Normal
     0 | D:1      | 0 ||| PLANNING D:1-11
    83 | D:1      | Reached XP level 2. HP: 16/16 MP: 3/3
   282 | D:1      | Reached skill level 3 in Ranged Weapons
   601 | D:1      | Reached XP level 3. HP: 21/21 MP: 4/4
   939 | D:1      | 939 ||| READING scroll labelled AREIMYBELA.
   940 | D:1      | 940 ||| READING 2 scrolls labelled IQAYQO IMOI.
   943 | D:1      | 943 ||| READING scroll labelled BASUYQAT ROLE.
   944 | D:1      | 944 ||| DROPPING scroll of poison.
  1441 | D:2      | Reached XP level 4. HP: 26/26 MP: 5/5
  1579 | D:2      | Reached skill level 4 in Ranged Weapons
  1653 | D:2      | Identified the +4 hand axe "Leviticus" {flame, *Corrode
                  | rPois Str+3 Int+4}
  1688 | D:2      | 1688 ||| FLEEEEING.
  1689 | D:2      | 1689 ||| FLEEEEING.
  1690 | D:2      | 1690 ||| FLEEEEING.
  1692 | D:2      | 1692 ||| FLEEEEING.
  1949 | D:2      | 1949 ||| READING scroll labelled CIUBBU USCHOWKO.
  1950 | D:2      | 1950 ||| READING scroll labelled TENEN QAETZOIGHUHI.
  2084 | D:3      | Found a white marble altar of Elyvilon.
  2099 | D:3      | Found a broken altar of Ashenzari.
  2331 | D:3      | Reached XP level 5. HP: 27/30 MP: 6/6
  2441 | D:3      | HP: 4/30 [orc priest/divine providence (13)]
  2442 | D:3      | 2442 ||| READING 2 scrolls of teleportation.
  2644 | D:3      | Found a sparkling altar of Nemelex Xobeh.
  2689 | D:3      | Reached skill level 5 in Ranged Weapons
  2692 | D:3      | HP: 5/30 [orc/+0 falchion (6)]
  2693 | D:3      | 2693 ||| READING scroll of teleportation.
  2982 | D:3      | Identified the +1 leather armour of the Falcon {Int+6}
  2989 | D:3      | 2989 ||| UPGRADING to +1 leather armour of the Falcon
                  | {Int+6}.
  2999 | D:3      | 2999 ||| DROPPING +0 robe.
  3000 | D:3      | 3000 ||| READING scroll labelled CAOMEO JUTE.
  3001 | D:3      | 3001 ||| READING 2 scrolls of identify.
  3001 | D:3      | 3001 ||| IDENTIFYING blue potion
  3002 | D:3      | 3002 ||| DROPPING potion of berserk rage.
  3045 | D:4      | Noticed Menkaure
  3053 | D:4      | Slain by Menkaure

Levels and vault maps discovered:
D:1:      dpeg_chamrin_arrival_tetris, layout_basic, st_stairs_4,
          minmay_pentomino_r2
D:2:      layout_basic
D:3:      layout_basic, nicolae_ashenzari_panopticon, nemelex_altar_shiori,
          lemuel_round_altar
D:4:      layout_loops_ring, nicolae_tso_carved_into_rock, uniq_edmund,
          uniq_menkaure

Skill      XL: |  1  2  3  4  5 |
---------------+----------------+-----
Ranged Weapons | 3 4 5 |  5.1
Fighting       | 2 |  2.7
Dodging        | |  1.5
Spellcasting   | |  1.0
Hexes          | |  2.6

Action                     |  1- 3 |  4- 6 || total
---------------------------+-------+-------++-------
   Fire: Sling             |   113 |   131 ||   244
    Use: Scroll            |     3 |     6 ||     9
 Armour: Robe              |    15 |    26 ||    41
         Leather armour    |       |     1 ||     1
  Dodge: Dodged            |    29 |    47 ||    76

Table legend:
 A = Non-vault XP
 B = Vault XP
 C = Vault XP percentage of total XP
 D = Non-vault monster count
 E = Vault monster count
 F = Vault count percentage of total count
                 A         B        C        D         E       F
            +---------+---------+-------+---------+---------+-------
      Total |     257 |       9 |   3.4 |      60 |       4 |   6.2
            +---------+---------+-------+---------+---------+-------
        D:1 |      31 |       9 |  22.5 |      20 |       4 |  16.7
        D:2 |      79 |       0 |   0.0 |      24 |       0 |   0.0
        D:3 |     105 |       0 |   0.0 |      14 |       0 |   0.0
        D:4 |      42 |       0 |   0.0 |       2 |       0 |   0.0
            +---------+---------+-------+---------+---------+-------
